 Dungeon Crawl Stone Soup version 0.20-a0-1116-gaa52201 (console) character file.

5374 nht the Quickloader (level 10, -3/67 HPs)
             Began as a Formicid Hunter on May 7, 2017.
             Was an Elder of Okawaru.
             Slain by a yak (4 damage)
             ... on level 9 of the Dungeon.
             The game lasted 00:15:45 (6497 turns).

nht the Quickloader (Formicid Hunter)               Turns: 6497, Time: 00:15:45

Health: -3/67      AC: 10    Str: 20    XL:     10   Next: 97%
Magic:  10/10      EV: 10    Int: 11    God:    Okawaru [****..]
Gold:   719        SH: 11    Dex: 11    Spells: 9/9 levels left

rFire    + . .     SeeInvis +   b - +0 war axe
rCold    . . .     Gourm    .   w - +0 shield
rNeg     . . .     Faith    .   i - +3 scale mail
rPois    .         Spirit   .   (helmet unavailable)
rElec    .         Reflect  .   p - +0 cloak
rCorr    .         Harm     .   (no gloves)
MR       ++...                  (no boots)
Stlth    ..........             (no amulet)
Regen    0.3/turn               C - ring of protection from cold
MPRegen  0.2/turn               J - ring "Muamia Ihau" {Fire *Contam +Inv MR+}

@: no status effects
A: permanent stasis, dig shafts and tunnels, four strong arms, antennae 3
a: Dig, Shaft Self, Heroism, Renounce Religion, Evoke Invisibility


You were on level 9 of the Dungeon.
You worshipped Okawaru.
Okawaru was greatly pleased with you.
You were hungry.

You visited 2 branches of the dungeon, and saw 10 of its levels.
You also visited: Ossuary.

You collected 719 gold pieces.

Inventory:

Hand Weapons
 a - a +2 hand crossbow
 b - a +0 war axe (weapon)
 L - a +0 dagger of electrocution
Missiles
 d - 108 bolts
Armour
 i - a +3 scale mail (worn)
 p - a +0 cloak (worn)
 w - a +0 shield (worn)
Jewellery
 C - a ring of protection from cold (left hand)
 E - an uncursed ring of poison resistance
 J - the ring "Muamia Ihau" (right hand) {Fire *Contam +Inv MR+}
   (You found it on level 9 of the Dungeon)

   [ring of fire]

   It enhances your fire magic.
   It protects you from fire.
   It makes you vulnerable to cold.
   It affects your resistance to hostile enchantments.
   It lets you turn invisible.
   It causes magical contamination when unequipped.
Wands
 r - a wand of confusion (1/48)
 s - a wand of enslavement (4/24)
 D - a wand of iceblast (0/15)
 G - a wand of digging (3/24)
Scrolls
 e - 3 scrolls of enchant weapon
 m - 10 scrolls of remove curse
 o - a scroll of recharging
 q - a scroll of fear
 A - a scroll of immolation
Potions
 g - 7 potions of curing
 j - a potion of resistance
 l - 2 potions of mutation
 n - 2 potions of agility
 t - 5 potions of heal wounds
 v - a potion of brilliance
 z - 2 potions of might {unknown}
 B - 2 potions of lignification
 H - a potion of invisibility {unknown}
 I - 4 potions of flight
Books
 y - a book of Misfortune

   Spells                             Type                      Level
   a - Confusing Touch                Hexes                        1
   b - Confuse                        Hexes                        3
   c - Gell's Gravitas                Translocation                3
   d - Petrify                        Transmutation/Earth          4
   e - Metabolic Englaciation         Hexes/Ice                    5
   f - Yara's Violent Unravelling     Hexes/Transmutation          5
Comestibles
 f - 4 bread rations
 k - 3 royal jellies
 u - 5 fruits
 x - 4 meat rations


   Skills:
 - Level 2.1 Fighting
 - Level 10.1 Axes
 + Level 10.3 Crossbows
 - Level 1.7 Dodging
 - Level 1.2 Stealth
 + Level 8.1 Shields


You had 9 spell levels left.
You didn't know any spells.

Dungeon Overview and Level Annotations

Branches:
Dungeon (9/15)             Temple (1/1) D:4
   Lair: D:8-11         Orc: D:9-12

Altars:
Ashenzari
Cheibriados
Dithmenos
Elyvilon
Fedhas
Gozag
Hepliaklqana
Kikubaaqudgha
Makhleb
Nemelex Xobeh
Okawaru
Qazlal
Ru
Sif Muna
Trog
Uskayaw
Vehumet
Wu Jian
Xom
Yredelemnul
Zin
The Shining One

Shops:
D:4 (   D:5 (   D:7 %


Innate Abilities, Weirdness & Mutations

You cannot be hasted, slowed, berserked, paralysed or teleported.
You can dig through walls and to a lower floor.
Your four strong arms can wield two-handed weapons with a shield.
You have a pair of large antennae on your head. (SInv)


Message History

You hit the yak.
The yak is almost dead.
You hit the centaur.
You kill the centaur!
Okawaru accepts your kill.
You closely miss the yak.
The yak is almost dead.
The yak gores you!
* * * LOW HITPOINT WARNING * * *
You hit the yak.
The yak is almost dead.
You block the yak's attack. The yak gores you.
* * * LOW HITPOINT WARNING * * *
You barely miss the yak.
The yak is almost dead.
You block the yak's attack.
You hit the yak.
The yak is almost dead.
The yak gores you.
You die... ███████████████+████+███

........................
........................
...................((((.
......█...........((((..
......█...........((....
......█.........@Y......
......█..........)......
......█.................
......█.................
........................


████████████████████████ You could see a yak.

Vanquished Creatures
  Psyche (D:8)
  Prince Ribbit (D:8)
  3 yaks (D:9)
  Menkaure (D:7)
  5 bullfrogs
  Duvessa (D:4)
  3 sky beasts
  3 orc warriors
  An ice beast (D:5)
  6 ogres
  2 necrophages
  5 centaurs
  3 big kobolds (D:7)
  Dowan (D:4)
  A wyvern skeleton (D:6)
  2 scorpions
  9 killer bees (D:8)
  A howler monkey (D:4)
  4 crimson imps
  2 jellies (D:9)
  2 quasits
  5 hounds
  A bullfrog skeleton (D:8)
  5 orc priests
  2 centaur skeletons
  2 iguanas
  5 orc wizards
  4 worker ants
  A killer bee zombie (D:7)
  A hound zombie (D:7)
  9 mummies
  4 gnolls (D:5)
  A howler monkey skeleton (D:4)
  9 adders
  4 shadow imps
  2 oozes
  2 adder skeletons
  2 worms
  8 leopard geckos
  18 orcs
  2 ball pythons
  3 giant cockroaches
  8 hobgoblins
  6 jackals
  6 quokkas
  4 bats
  5 frilled lizards
  A giant cockroach zombie (D:5)
  4 goblins
  2 hobgoblin zombies
  25 kobolds
  6 kobold zombies
  2 orc zombies (Ossuary)
  2 quokka skeletons
  7 rats
225 creatures vanquished.

Vanquished Creatures (others)
  A sky beast (D:8)
1 creature vanquished.

Grand Total: 226 creatures vanquished

Notes
Turn   | Place    | Note
-------+----------+-------------------------------------------
     0 | D:1      | nht the Formicid Hunter began the quest for the Orb.
     0 | D:1      | Reached XP level 1. HP: 16/16 MP: 1/1
   225 | D:1      | Reached XP level 2. HP: 22/22 MP: 2/2
   584 | D:2      | Reached XP level 3. HP: 27/27 MP: 3/3
   591 | D:2      | Reached skill level 5 in Crossbows
   844 | D:2      | Reached XP level 4. HP: 33/33 MP: 4/4
  1918 | D:4      | Reached XP level 5. HP: 38/38 MP: 5/5
  1939 | D:4      | Found a staircase to the Ecumenical Temple.
  1957 | Temple   | Entered the Ecumenical Temple
  2068 | Temple   | Became a worshipper of Warmaster Okawaru
  2207 | D:4      | Found Arghalar's Weapon Boutique.
  2286 | D:4      | Noticed an ogre
  2289 | D:4      | Killed an ogre
  2289 | D:4      | Reached XP level 6. HP: 44/44 MP: 6/6
  2367 | D:4      | Noticed Duvessa
  2380 | D:4      | Killed Duvessa
  2380 | D:4      | Reached * piety under Okawaru
  2381 | D:4      | Noticed Dowan
  2496 | D:4      | Killed Dowan
  2496 | D:4      | Reached XP level 7. HP: 50/50 MP: 7/7
  2602 | D:5      | Entered Level 5 of the Dungeon
  2824 | D:5      | Reached ** piety under Okawaru
  2839 | D:5      | Reached XP level 8. HP: 24/56 MP: 8/8
  3031 | D:5      | Reached skill level 1 in Axes
  3080 | D:5      | Found Cuygoah's Weapon Shoppe.
  3243 | D:5      | Found a sacrificial altar of Ru.
  3447 | D:6      | Reached skill level 10 in Crossbows
  3574 | D:6      | Reached *** piety under Okawaru
  3929 | D:6      | Reached skill level 1 in Shields
  3929 | D:6      | Reached XP level 9. HP: 61/61 MP: 9/9
  3982 | D:6      | Reached skill level 5 in Axes
  4145 | D:7      | Noticed Menkaure
  4149 | D:7      | Killed Menkaure
  4149 | D:7      | Received a gift from Okawaru
  4417 | D:7      | Found a stormy altar of Qazlal.
  4609 | D:7      | Found Wirad's Food Shop.
  4750 | D:7      | Reached **** piety under Okawaru
  4750 | D:7      | Reached skill level 5 in Shields
  5002 | D:8      | Received a gift from Okawaru
  5002 | D:8      | Reached XP level 10. HP: 64/67 MP: 10/10
  5194 | D:8      | Found a sand-covered staircase.
  5204 | Ossuary  | Entered an ossuary
  5463 | Ossuary  | Received a gift from Okawaru
  5733 | D:8      | Noticed Psyche
  5740 | D:8      | Killed Psyche
  5846 | D:8      | Received a gift from Okawaru
  6009 | D:8      | Noticed Prince Ribbit
  6017 | D:8      | Killed Prince Ribbit
  6017 | D:8      | Reached skill level 10 in Axes
  6045 | D:8      | Found a burning altar of Makhleb.
  6369 | D:9      | Received a gift from Okawaru
  6372 | D:9      | Got a scorched ivory ring
  6393 | D:9      | Identified the ring "Muamia Ihau" {Fire *Contam +Inv MR+} (You found it on level 9 of the Dungeon)
  6485 | D:9      | Received a gift from Okawaru
  6494 | D:9      | HP: 2/67 [yak (12)]
  6497 | D:9      | Slain by a yak

Vault maps used:
D:1:      minmay_arrival_five_plusses, minmay_octomino_j4
D:2:      minmay_wonky_spiral
D:3:      first_bread, minmay_unequal
D:4:      minmay_temple_entry_glass, serial_shops, kennysheep_little_box,
          uniq_duvessa
D:5:      serial_shops, shop, nicolae_ru_awakened_eye
D:7:      serial_shops, nicolae_shop_trees, basic_altar, uniq_menkaure
D:8:      kennysheep_mini_moat, nicolae_ossuary_entry_giza,
          kennysheep_generic_room_2, uniq_psyche, uniq_prince_ribbit1
D:9:      serial_column_ruins, column_ruins_hut_ruined, column_ruins_grid_1,
          column_ruins_grid_1, column_ruins_open_small,
          column_ruins_columns_straight, column_ruins_grid_1,
          hangedman_little_slice_of_home
Temple:   regret_index_temple_sigil_plot
Ossuary:  ossuary_tomb_3

Skill      XL: |  1  2  3  4  5  6  7  8  9 10 |
---------------+-------------------------------+-----
Crossbows      | 5 7 8 9 10 | 10.3
Axes           | 4 8 10 | 10.1
Shields        | 1 5 8 |  8.1
Fighting       | |  2.1
Dodging        | |  1.7
Stealth        | |  1.2

Action                   |  1- 3 |  4- 6 |  7- 9 | 10-12 || total
-------------------------+-------+-------+-------+-------++-------
Melee: War axe           |       |       |     5 |    60 ||    65
       Dagger            |       |       |   231 |    23 ||   254
 Fire: Hand crossbow     |    64 |   128 |    92 |   203 ||   487
Invok: Heroism           |       |       |     2 |     3 ||     5
Evoke: Wand              |       |       |    22 |     2 ||    24
  Use: Scroll            |       |    14 |     6 |     4 ||    24
       Potion            |       |       |       |     2 ||     2
  Eat: Chunk             |       |     5 |     8 |     4 ||    17
Armor: Scale mail        |     8 |    14 |   127 |    44 ||   193
       Skin              |       |       |       |    26 ||    26
Dodge: Dodged            |     4 |    18 |   102 |    54 ||   178
Block: Shield            |       |       |    99 |    99 ||   198
